AoeStats
← [RZ] HardZeeiRa-BR

Arabia

509978096Analyzed
1v1 RM · 3d ago on Sep 28, 2026· 43m 51s· 2 players
Game mode
Random Map
Map size
Tiny (2 player)
Population
200
Speed
Normal
Resources
Standard
Victory
Conquest
Starting age
Dark Age
Ending age
Imperial Age
RankedLock teamsTeams togetherTeam positionsShared explorationLock speedFull tech treeHidden civsTurbo modeCheats
Victory
Defeat
🇦🇷 Dravidians · Argentina
1204
+18
🇧🇷 Varangians · Brazil
1239
-18
ROBERTO93
6:50 Loom
9:44 Feudal Age
10:24 Double-Bit Axe
20:51 Castle Age
18:48 Horse Collar
20:31 Gold Mining
20:57 Forging
20:56 Scale Barding Armor
22:15 Iron Casting
23:50 Husbandry
27:47 Wheelbarrow
29:34 Bow Saw
33:45 Imperial Age
31:53 Devotion
31:59 Devotion
34:39 Scale Mail Armor
37:05 Blast Furnace
36:22 Chain Mail Armor
37:41 Chain Barding Armor
42:20 Conscription
[RZ] HardZeeiRa-BR
6:14 Loom
8:48 Feudal Age
14:15 Double-Bit Axe
16:36 Bloodlines
19:17 Wheelbarrow
21:47 Castle Age
19:43 Horse Collar
20:04 Gold Mining
20:44 Scale Barding Armor
21:31 Forging
23:38 Iron Casting
23:07 Pikeman
31:01 Stone Mining
34:06 Chain Barding Armor
38:54 Imperial Age
37:42 Fletching
40:13 Plate Barding Armor
41:02 Bodkin Arrow
42:52 Conscription
Connection lost

Rejoining the realm…

Still unreachable

The connection could not be restored.

Session expired

The server has moved on; the page needs a fresh start.